 Dungeon Crawl Stone Soup version 0.18-b1-22-ge198996 (webtiles) character file.

25076 George the Victor of a Thousand Battles (level 12, -1/99 HPs)
             Began as a Demonspawn Gladiator on May 4, 2016.
             Was the Champion of Okawaru.
             Slain by a polar bear (23 damage)
             ... in an ice cave.
             The game lasted 00:28:52 (10168 turns).

George the Victor of a Thousand Battles (DsGl)     Turns: 10168, Time: 00:28:53

Health: -1/99      AC: 30    Str: 22    XL:     12   Next: 86%
Magic:  21/21      EV:  8    Int: 11    God:    Okawaru [******]
Gold:   532        SH:  0    Dex: 18    Spells: 0 memorised, 11 levels left

rFire  + . .     SeeInvis .     S - +11 great sword of Unpleasantness {slice, +Inv Str+2 Dex+4}
rCold  + . .     Gourm    .     c - +0 plate armour
rNeg   . . .     Faith    .     (shield currently unavailable)
rPois  .         Spirit   .     (helmet restricted)
rElec  .         Dismiss  .     A - +1 cloak {MR+}
rCorr  .         Reflect  .     (no gloves)
SustAt .         Harm     .     g - +2 pair of boots of the Assassin {DetectMon Stab+ Stlth++}
MR     +....                    y - amulet of regeneration
Stlth  ..........               B - +2 ring of dexterity
                                K - ring of protection from cold

@: somewhat resistant to hostile enchantments, extremely unstealthy
A: horns 1, rough black scales 3, demonic guardian 1, fire resistance 1, foul
stench 2, strong 1, rot immunity
a: Heroism, Finesse, Renounce Religion, Evoke Invisibility


You were in an ice cave.
You worshipped Okawaru.
Okawaru was exalted by your worship.
You were hungry.

You visited 2 branches of the dungeon, and saw 13 of its levels.
You also visited: Ice Cave.

You collected 532 gold pieces.

Inventory:

Hand Weapons
 p - a +1 rapier
 S - the +11 great sword of Unpleasantness (weapon) {slice, +Inv Str+2 Dex+4}
   (You found it on level 5 of the Dungeon)

   It inflicts extra damage upon your enemies.
   It affects your strength (+2).
   It affects your dexterity (+4).
   It lets you turn invisible.
Missiles
 d - 4 throwing nets
 m - 3 poisoned tomahawks (quivered)
 o - 3 poisoned javelins
 r - 4 javelins
 J - 4 silver javelins
 L - 4 javelins of penetration
Armour
 c - a +0 plate armour (worn)
 g - the +2 pair of boots of the Assassin (worn) {DetectMon Stab+ Stlth++}
   (You found it on level 9 of the Dungeon)

   It makes you much more stealthy.
 A - a +1 cloak of magic resistance (worn)
Rods
 P - a +5 iron rod (13/13)
   (You found it in an ice cave)
Jewellery
 y - an amulet of regeneration (around neck)
 B - a +2 ring of dexterity (right hand)
 K - a ring of protection from cold (left hand)
Wands
 h - a wand of digging (14/24)
 k - a wand of disintegration (13/24)
 v - a wand of lightning (1/15)
 z - a wand of acid (6/15)
 F - a wand of paralysis (15/24)
 H - a wand of slowing (33/48)
 R - a wand of disintegration (7/24)
 X - a wand of slowing (29/48)
Scrolls
 w - 2 scrolls of enchant weapon
 C - 2 scrolls of blinking
 G - 5 scrolls of remove curse
 N - a scroll of immolation
 O - 5 scrolls of teleportation
 U - a scroll of recharging
Potions
 i - 3 potions of berserk rage
 l - a potion of cancellation
 n - a potion of agility
 s - 2 potions of might
 x - a potion of resistance
 E - a potion of invisibility {unknown}
 I - 3 potions of heal wounds {unknown}
 Q - 3 potions of flight {unknown}
 W - a potion of curing {unknown}
 Z - 3 potions of lignification {unknown}
Books
 D - a book of Battle

   Spells                             Type                      Level
   a - Infusion                       Charms                       1
   b - Shroud of Golubria             Charms/Translocation         2
   c - Song of Slaying                Charms                       2
   d - Spectral Weapon                Hexes/Charms                 3
   e - Regeneration                   Charms/Necromancy            3
Comestibles
 f - 11 bread rations
 j - 3 meat rations
 u - 3 royal jellies
 M - 9 slices of pizza
 T - 6 beef jerkies
 Y - 9 fruits


   Skills:
 + Level 10.6 Fighting
 + Level 11.9 Long Blades
 - Level 1.7 Throwing
 + Level 9.5 Armour
 - Level 2.6 Dodging
 + Level 12.9 Invocations


You had 11 spell levels left.
You didn't know any spells.

Dungeon Overview and Level Annotations

Branches:
Dungeon (12/15)            Temple (1/1) D:6            Lair (0/8) D:10
    Orc (0/2) D:12

Altars:
Ashenzari
Cheibriados
Dithmenos
Elyvilon
Fedhas
Gozag
Kikubaaqudgha
Makhleb
Nemelex Xobeh
Okawaru
Pakellas
Qazlal
Ru
Sif Muna
Trog
Vehumet
Xom
Yredelemnul
Zin
The Shining One
Lugonu

Shops:
D:5 [(   D:8 %   D:9 }   D:10 *   D:11 [

Portals:
Trove: D:10 (give wand of heal wounds (9))


Innate Abilities, Weirdness & Mutations

You have a pair of small horns on your head.
You are completely covered in rough black scales (AC +10, Dex -3).
A weak demonic guardian rushes to your aid.
Your flesh is heat resistant.
You frequently emit foul miasma when damaged in melee.
You are immune to rotting.
Your muscles are strong. (Str +2)


Message History

* * * LOW HITPOINT WARNING * * *
The polar bear looks sick.
The polar bear claws you but does no damage. x2
You slash the polar bear! You headbutt the polar bear.
The polar bear is almost dead.
The polar bear goes berserk!
You completely miss the polar bear.
The polar bear is almost dead.
The polar bear closely misses you.
The polar bear claws you but does no damage. x2
The polar bear bites you!
* * * LOW HITPOINT WARNING * * *
You emit a cloud of foul miasma!
The polar bear barely misses you.
The polar bear claws you but does no damage.
You barely miss the polar bear.
The polar bear is almost dead.
Your iron imp disappears in a puff of smoke!
The polar bear is engulfed in dark miasma.
The polar bear is poisoned.
The polar bear bites you!!
You die...

##########
#######...##h)†#
#..#...##..@##†h.#
##### #..########
#....#
#≈≈.#####..#
#.....
≈≈#≈..##..## #....
≈≈≈##...### ..##
#≈≈≈##### ##
≈≈≈#≈≈# ≈≈≈≈≈≈≈≈
#≈≈≈≈≈≈≈


You could see a polar bear (berserk).

Vanquished Creatures
  A frost giant (IceCv)
  A hydra (D:11)
  Erolcha (D:10)
  The ghost of Shenda the Transmogrifier, a novice DrTm of Okawaru (D:9)
  A death yak (IceCv)
  4 hill giants
  4 ugly things
  A gargoyle (D:11)
  A centaur skeleton (D:10)
  2 trolls
  2 two-headed ogres
  15 polar bears (IceCv)
  Grinder (D:5)
  A wyvern (D:6)
  Sigmund (D:3)
  A wraith (D:5)
  36 yaks
  The ghost of Wooh the Skirmisher, an amateur DrTm (D:4)
  A basilisk (D:11)
  A human (D:8)
  3 vampire mosquitoes (D:11)
  3 hippogriffs
  2 water moccasins
  2 sky beasts
  An eye of draining (D:11)
  A black bear (D:5)
  A phantom (D:10)
  10 ice beasts
  2 orc warriors (D:11)
  3 ogres
  4 centaurs
  10 wolves (IceCv)
  2 big kobolds (D:8)
  Blork the orc (D:6)
  4 giant frogs
  A wyvern zombie (D:8)
  A scorpion (D:9)
  16 killer bees
  3 wights (D:9)
  5 crimson imps
  3 centaur zombies
  3 giant frog zombies
  2 giant frog skeletons
  4 hounds
  3 jellies (D:11)
  2 orc priests
  Crazy Yiuf (D:3)
  11 orc wizards
  2 iguanas
  7 worker ants
  3 sheep (D:8)
  A hound skeleton (D:5)
  4 gnolls
  A howler monkey skeleton (D:5)
  13 adders
  2 shadow imps
  2 oozes
  An adder skeleton (D:5)
  3 worms
  2 dart slugs
  5 giant geckos
  24 orcs
  7 bats
  7 giant cockroaches
  5 goblins
  6 hobgoblins
  13 jackals
  2 quokkas
  4 ball pythons
  8 giant newts
  A jackal zombie (D:8)
  20 kobolds
  A quokka skeleton (D:7)
  14 rats
339 creatures vanquished.

Vanquished Creatures (collateral kills)
  A yak (D:9)
  A hog (D:8)
  A black bear (D:6)
  A necrophage (D:9)
  A wolf (IceCv)
  A killer bee (D:7)
  An orc priest (D:3)
  A gnoll (D:2)
  A worm (D:3)
  2 orcs
11 creatures vanquished.

Grand Total: 350 creatures vanquished

Notes
Turn   | Place    | Note
--------------------------------------------------------------
     0 | D:1      | George the Demonspawn Gladiator began the quest for the Orb.
     0 | D:1      | Reached XP level 1. HP: 16/16 MP: 1/1
   364 | D:1      | Gained mutation: A weak demonic guardian rushes to your aid. [demonic ancestry]
   364 | D:1      | Reached XP level 2. HP: 21/22 MP: 2/2
  1205 | D:2      | Gained mutation: You are immune to rotting. [demonic ancestry]
  1205 | D:2      | Reached XP level 3. HP: 25/27 MP: 3/3
  1492 | D:1      | Gained mutation: You are partially covered in rough black scales (AC +4, Dex -1). [demonic ancestry]
  1492 | D:1      | Reached XP level 4. HP: 9/33 MP: 4/4
  2266 | D:2      | Reached skill level 5 in Long Blades
  2425 | D:3      | Noticed Crazy Yiuf
  2441 | D:3      | Killed Crazy Yiuf
  2441 | D:3      | Gained mutation: You may emit foul miasma when damaged in melee. [demonic ancestry]
  2441 | D:3      | Reached XP level 5. HP: 33/38 MP: 5/5
  2528 | D:3      | Noticed Sigmund
  2536 | D:3      | Killed Sigmund
  2536 | D:3      | Reached XP level 6. HP: 31/44 MP: 6/6
  3006 | D:4      | Found an iron altar of Okawaru.
  3093 | D:4      | Noticed Wooh's ghost (amateur DrTm)
  3103 | D:4      | Killed Wooh's ghost
  3185 | D:4      | Gained mutation: You frequently emit foul miasma when damaged in melee. [demonic ancestry]
  3185 | D:4      | Reached XP level 7. HP: 50/50 MP: 7/7
  3552 | D:4      | Became a worshipper of Warmaster Okawaru
  3580 | D:5      | Entered Level 5 of the Dungeon
  3700 | D:5      | Reached skill level 1 in Invocations
  3726 | D:5      | Got an ancient great sword
  3727 | D:5      | Identified the +11 great sword of Unpleasantness {slice, +Inv Str+2 Dex+4} (You found it on level 5 of the Dungeon)
  3746 | D:5      | Noticed a wraith
  3752 | D:5      | Killed a wraith
  3752 | D:5      | Reached skill level 1 in Armour
  3752 | D:5      | Reached skill level 2 in Invocations
  3780 | D:5      | Found Piont's Weapon Shop.
  3892 | D:5      | Reached * piety under Okawaru
  3983 | D:5      | Found Diwnuhy's Antique Armour Shoppe.
  3995 | D:5      | Reached skill level 3 in Invocations
  4043 | D:5      | Gained mutation: You are mostly covered in rough black scales (AC +7, Dex -2). [demonic ancestry]
  4043 | D:5      | Reached XP level 8. HP: 58/58 MP: 10/10
  4150 | D:5      | Noticed Grinder
  4159 | D:5      | Killed Grinder
  4307 | D:5      | Reached skill level 4 in Invocations
  4559 | D:6      | Reached ** piety under Okawaru
  4689 | D:6      | Reached skill level 5 in Invocations
  4733 | D:6      | Noticed Blork the orc
  4737 | D:6      | Killed Blork the orc
  4901 | D:6      | Reached skill level 5 in Fighting
  4901 | D:6      | Gained mutation: You have a pair of small horns on your head. [demonic ancestry]
  4901 | D:6      | Reached XP level 9. HP: 51/68 MP: 13/13
  4917 | D:6      | Found a staircase to the Ecumenical Temple.
  4924 | Temple   | Entered the Ecumenical Temple
  5162 | D:7      | Reached skill level 6 in Invocations
  5194 | D:7      | Reached *** piety under Okawaru
  5534 | D:7      | Received a gift from Okawaru
  5848 | D:8      | Found Loteras's Food Shop.
  5855 | D:8      | Reached skill level 7 in Invocations
  5941 | D:8      | Found an oddly glowing altar of Pakellas.
  5972 | D:8      | Reached skill level 5 in Armour
  6142 | D:8      | Reached **** piety under Okawaru
  6409 | D:9      | Noticed Shenda's ghost (novice DrTm)
  6584 | D:9      | Killed Shenda's ghost
  6584 | D:9      | Reached skill level 8 in Invocations
  6584 | D:9      | Reached XP level 10. HP: 34/77 MP: 13/16
  6736 | D:9      | Gained mutation: Your muscles are strong. (Str +2) [potion of beneficial mutation]
  7068 | D:9      | Found a shattered altar of Ashenzari.
  7068 | D:9      | Found a glowing silver altar of Zin.
  7085 | D:9      | Found Caicloyb's Gadget Shop.
  7170 | D:9      | Reached ***** piety under Okawaru
  7406 | D:10     | Entered Level 10 of the Dungeon
  7420 | D:10     | Found a staircase to the Lair.
  7622 | D:10     | Reached skill level 9 in Invocations
  7632 | D:10     | Reached skill level 10 in Long Blades
  7739 | D:10     | Found Uquener's Elemental Accessories.
  7910 | D:10     | Noticed Erolcha
  7919 | D:10     | Killed Erolcha
  8224 | D:10     | Noticed a hill giant
  8229 | D:10     | Killed a hill giant
  8229 | D:10     | Received a gift from Okawaru
  8229 | D:10     | Gained mutation: Your flesh is heat resistant. [demonic ancestry]
  8229 | D:10     | Reached XP level 11. HP: 86/86 MP: 18/18
  8380 | D:10     | Found a portal to a secret trove of treasure.
  8450 | D:11     | Noticed a purple ugly thing
  8455 | D:11     | Killed a purple ugly thing
  8585 | D:11     | Noticed a five-headed hydra
  8596 | D:11     | Killed a nine-headed hydra
  8596 | D:11     | Reached skill level 10 in Invocations
  8667 | D:11     | Noticed a brown ugly thing
  8673 | D:11     | Killed a brown ugly thing
  8731 | D:11     | Noticed a hill giant
  8744 | D:11     | Killed a hill giant
  8744 | D:11     | Reached ****** piety under Okawaru
  8886 | D:11     | Received a gift from Okawaru
  8891 | D:11     | Got an ancient short sword {god gift}
  8921 | D:11     | Noticed a purple ugly thing
  8928 | D:11     | Killed a purple ugly thing
  9013 | D:11     | Reached skill level 11 in Invocations
  9087 | D:11     | Found Ososi's Armour Boutique.
  9253 | D:11     | Noticed a hill giant
  9258 | D:11     | Killed a hill giant
  9434 | D:11     | Received a gift from Okawaru
  9445 | D:11     | Identified the +1 short sword of Hard Scrabble {flame, *Drain Str+5} (Okawaru gifted it to you on level 11 of the Dungeon)
  9584 | D:12     | Noticed a hill giant
  9585 | D:12     | Noticed a cyan ugly thing
  9590 | D:12     | Killed a cyan ugly thing
  9590 | D:12     | Gained mutation: You are completely covered in rough black scales (AC +10, Dex -3). [demonic ancestry]
  9590 | D:12     | Reached XP level 12. HP: 96/96 MP: 20/20
  9603 | D:12     | Found a corrupted altar of Lugonu.
  9639 | D:12     | Found a frozen archway.
  9664 | IceCv    | Entered an ice cave
  9813 | IceCv    | Reached skill level 12 in Invocations
  9849 | IceCv    | Received a gift from Okawaru
  9851 | IceCv    | Noticed a death yak
  9858 | IceCv    | Killed a death yak
  9858 | IceCv    | Reached skill level 10 in Fighting
 10117 | IceCv    | Noticed a frost giant
 10126 | IceCv    | Received a gift from Okawaru
 10156 | IceCv    | Killed a frost giant
 10161 | IceCv    | Received a gift from Okawaru
 10168 | IceCv    | Slain by a polar bear

Skill      XL: |  1  2  3  4  5  6  7  8  9 10 11 12 |
---------------+-------------------------------------+-----
Long Blades    | 3 4 5 6 7 8 9 10 11 | 11.9
Invocations    | 3 5 8 9 11 12 | 12.9
Armour         | 2 3 5 6 8 9 |  9.5
Fighting       | 3 5 6 8 9 10 | 10.6
Throwing       | |  1.7
Dodging        | |  2.6

Action                   |  1- 3 |  4- 6 |  7- 9 | 10-12 || total
-------------------------+-------+-------+-------+-------++-------
Melee: Long sword        |    80 |   208 |    27 |       ||   315
       Great sword       |       |       |   199 |   415 ||   614
       Headbutt          |       |       |    18 |   100 ||   118
Invok: Heroism           |       |       |     1 |       ||     1
  Use: Scroll            |       |     3 |       |    19 ||    22
       Potion            |       |       |       |     1 ||     1
 Stab: Sleeping          |       |     1 |       |       ||     1
       Distracted        |       |     1 |     1 |       ||     2
  Eat: Chunk             |     2 |     6 |     9 |    13 ||    30
Armor: Leather armour    |    26 |     6 |       |       ||    32
       Scale mail        |       |    63 |       |       ||    63
       Chain mail        |       |    56 |   107 |       ||   163
       Plate armour      |       |       |    39 |   369 ||   408
Dodge: Dodged            |    61 |   110 |   103 |   161 ||   435
